 Dungeon Crawl Stone Soup version 0.19-a0-713-g934ebc7 (webtiles) character file.

285 qqqbard the Twirler (level 6, 0/30 HPs)
             Began as a Vine Stalker Gladiator on June 20, 2016.
             Slain by a gnoll
             ... wielding a +0 flail
              (5 damage)
             ... on level 3 of the Dungeon.
             The game lasted 00:06:45 (2017 turns).

qqqbard the Twirler (Vine Stalker Gladiator)        Turns: 2017, Time: 00:06:45

Health: 0/30       AC: 11    Str: 19    XL:     6   Next: 29%
Magic:  0/7        EV:  8    Int:  8    God:
Gold:   132        SH:  0    Dex: 15    Spells: 0 memorised, 5 levels left

rFire  . . .     SeeInvis .     a - +0 quarterstaff
rCold  . . .     Gourm    .     q - +0 chain mail
rNeg   . . .     Faith    .     (shield currently unavailable)
rPois  .         Spirit   +     u - +2 helmet
rElec  .         Dismiss  .     (no cloak)
rCorr  .         Reflect  .     (no gloves)
SustAt .         Harm     .     (no boots)
MR     .....                    (no amulet)
Stlth  ..........               (no ring)
                                (no ring)

@: not resistant to hostile enchantments, extremely unstealthy
A: fangs 2, regeneration 2, magic shield, antimagic bite, no device heal 3, rot
immunity
a: no special abilities


You were on level 3 of the Dungeon.
You were hungry.

You visited 1 branch of the dungeon, and saw 3 of its levels.

You collected 132 gold pieces.

Inventory:

Hand Weapons
 a - a +0 quarterstaff (weapon)
Missiles
 d - 3 throwing nets (quivered)
Armour
 q - a +0 chain mail (worn)
 u - a +2 helmet (worn)
Jewellery
 b - an uncursed ring of resist corrosion
Scrolls
 g - 2 scrolls of remove curse
 j - 2 scrolls of identify
 l - a scroll of recharging {unknown}
 m - a scroll of random uselessness {unknown}
 p - a scroll of blinking {unknown}
 s - a scroll of amnesia {unknown}
 v - a scroll of teleportation {unknown}
 x - a scroll of enchant armour {unknown}
Potions
 c - 2 potions of invisibility {unknown}
 e - a potion of cancellation {unknown}
 h - a potion of ambrosia {unknown}
 k - a potion of heal wounds {unknown}
 n - a potion of degeneration {unknown}
 o - a potion of resistance {unknown}
 r - a potion of agility {unknown}
 w - a potion of might {unknown}
 A - 2 potions of flight {unknown}
 B - a potion of curing {unknown}
Comestibles
 f - 2 bread rations
 i - 3 beef jerkies
 t - a meat ration
 z - 6 chunks of flesh


   Skills:
 - Level 1.7 Fighting
 + Level 6.2 Staves
 - Level 1.7 Throwing
 - Level 2.4 Dodging


You had 5 spell levels left.
You didn't know any spells.

Dungeon Overview and Level Annotations

Branches:
Dungeon (3/15)

Altars:


Innate Abilities, Weirdness & Mutations

You have extremely sharp teeth.
You heal very quickly.
When hurt, damage is shared between your health and your magic reserves.
Your bite disrupts and absorbs the magic of your enemies.
Potions and wands cannot restore your health.
You are immune to rotting.


Message History

* * * LOW HITPOINT WARNING * * *
You barely miss the ogre.
The ogre is almost dead.
You hit the ogre. You bite the ogre. You drain its power.
You feel invigorated.
You kill the ogre!
Your Staves skill increases to level 6!
You have reached level 6!
Your experience leads to an increase in your attributes!
Increase (S)trength, (I)ntelligence, or (D)exterity?
You feel stronger.
You begin to heal more quickly.
You hit the gnoll. You bite the gnoll. You drain its power.
You feel invigorated.
The gnoll is heavily wounded.
The gnoll hits you with a flail.
* * * LOW HITPOINT WARNING * * *
You hit the gnoll.
The gnoll is heavily wounded.
The gnoll hits you with a flail.
You die...

########## #........#
#)######.# #.# #.# #.#
#.# ##'######.#
#......##g#
#.......@.######
#.........'....#
##........####.# ###
#.<......# #.# #.#
#....(...# #.#
#.###........####.######
#>.......................
#.###........####........
#.#..........# #........


You could see a gnoll.

Vanquished Creatures
  An ogre (D:3)
  A gnoll shaman (D:3)
  10 gnolls (D:3)
  An adder (D:3)
  A worm (D:2)
  4 dart slugs
  A giant gecko (D:2)
  An orc (D:3)
  3 giant cockroaches
  6 goblins
  5 hobgoblins
  4 jackals (D:3)
  A quokka (D:2)
  2 ball pythons
  3 bats (D:1)
  2 giant newts
  7 kobolds
  5 rats
58 creatures vanquished.

Notes
Turn   | Place    | Note
--------------------------------------------------------------
     0 | D:1      | qqqbard the Vine Stalker Gladiator began the quest for the Orb.
     0 | D:1      | Reached XP level 1. HP: 11/11 MP: 2/2
   151 | D:1      | Reached skill level 3 in Staves
   188 | D:1      | Reached XP level 2. HP: 14/15 MP: 3/3
   225 | D:1      | Upgraded the game from 0.19-a0-706-g03de5d9 to 0.19-a0-713-g934ebc7
   811 | D:2      | Reached XP level 3. HP: 18/18 MP: 4/4
  1133 | D:2      | Reached skill level 4 in Staves
  1751 | D:3      | Reached XP level 4. HP: 22/23 MP: 5/5
  1818 | D:3      | Reached skill level 5 in Staves
  1818 | D:3      | Reached XP level 5. HP: 25/26 MP: 6/6
  1923 | D:3      | Noticed an ogre
  2002 | D:3      | HP: 1/26 [ogre/giant club (3)]
  2004 | D:3      | Killed an ogre
  2004 | D:3      | Reached skill level 6 in Staves
  2004 | D:3      | Gained mutation: You heal very quickly. [Vine Stalker growth]
  2004 | D:3      | Reached XP level 6. HP: 2/30 MP: 1/7
  2017 | D:3      | Slain by a gnoll

Vault maps used:
D:1:      wheals_arrival_linesprint
D:2:      first_bread, minmay_close_crescents
D:3:      lemuel_castle_with_subvaults, uniq_grinder

Skill      XL: |  1  2  3  4  5 |
---------------+----------------+-----
Staves         | 3 4 5 6 |  6.2
Fighting       | |  1.7
Throwing       | |  1.7
Dodging        | |  2.4

Action                   |  1- 3 |  4- 6 || total
-------------------------+-------+-------++-------
Melee: Quarterstaff      |    89 |    60 ||   149
       Bite              |    32 |    13 ||    45
  Use: Scroll            |     3 |       ||     3
  Eat: Chunk             |     3 |       ||     3
Armor: Leather armour    |    18 |       ||    18
       Chain mail        |    37 |    26 ||    63
Dodge: Dodged            |    52 |    17 ||    69
